 Dungeon Crawl Stone Soup version 0.32-a0-994-gabb26cbae4 (webtiles) character file.

Game seed: 3462414756588422826

721 Jannitor the Trooper (level 7, -1/56 HPs)
             Began as a Coglin Chaos Knight on Apr 22, 2024.
             Was a Plaything of Xom.
             Slain by an orc priest
             ... wielding a +0 mace
             ... summoned by Xom
              (8 damage)
             ... on level 5 of the Dungeon.
             The game lasted 00:03:50 (2923 turns).

Jannitor the Trooper (Coglin Chaos Knight)          Turns: 2923, Time: 00:03:51

Health: -1/56      AC:  6    Str:  8    XL:     7   Next: 70%
Magic:  7/7        EV: 11    Int: 16    God:    Xom [......]
Gold:   201        SH:  0    Dex: 13    Spells: 6/6 levels left

rFire   . . .        a - +0 mace (chaos) {Yuxuan}
rCold   + . .        k - +1 mace "Facvah" {flame, rC+ Will+ Str-4 Int+2}
rNeg    . . .        b - +3 leather armour
rPois   .            (no helmet)
rElec   .            (no cloak)
rCorr   .            (no gloves)
SInv    .            (no boots)
Will    +....        (amulet unavailable)
Stlth   +            (ring unavailable)
HPRegen 0.29/turn    (ring unavailable)
MPRegen 0.10/turn    (no gizmo)

%: no passive effects
@: revved
A: off-hand wielding, slow wielding, warmup strikes, no jewellery
a: Invent Gizmo, Renounce Religion


You were on level 5 of the Dungeon.
You worshipped Xom.
You were a very special plaything of Xom.
You visited 1 branch of the dungeon, and saw 5 of its levels.

You collected 201 gold pieces.

Inventory:

Hand Weapons
 a - a +0 mace of chaos (weapon) {Yuxuan}
 d - a +0 dagger {Hajoon}
 h - a +0 dagger of electrocution
 k - the +1 mace "Facvah" (offhand) {flame, rC+ Will+ Str-4 Int+2}
   (You found it on level 2 of the Dungeon)

   Str-4:     It affects your strength (-4).
   Int+2:     It affects your intelligence (+2).
   rC+:       It protects you from cold.
   Will+:     It increases your willpower.
Missiles
 o - a throwing net (quivered)
Armour
 b - a +3 leather armour (worn)
Wands
 i - a wand of digging (7)
Scrolls
 e - 3 scrolls of identify
 m - a scroll of brand weapon {unknown}
 n - a scroll of fear
 p - a scroll of enchant armour
 q - a scroll of amnesia {unknown}
 s - a scroll of poison {unknown}
 t - a scroll of teleportation
 u - 2 scrolls of fog {unknown}
Potions
 c - a potion of heal wounds {unknown}
 f - a potion of haste {unknown}
 g - 3 potions of attraction {unknown}
 j - a potion of ambrosia {unknown}
 l - a potion of enlightenment {unknown}
 r - a potion of berserk rage {unknown}


   Skills:
 + Level 5.0 Fighting
 + Level 4.6 Maces & Flails
 + Level 4.1 Armour
 + Level 3.7 Dodging


You had 6 spell levels left.
You didn't know any spells.
Your spell library contained the following spells:

 Spells                   Type           Power      Damage    Failure   Level
 Summon Small Mammal      Summ           0%         N/A       34%         1
 Call Canine Familiar     Summ           0%         N/A       71%         3
 Summon Blazeheart Golem  Fire/Summ      0%         N/A       98%         4
 Summon Lightning Spire   Summ/Air       0%         N/A       98%         4
 Arcjolt                  Conj/Air       0%         1d10      100%        5
 Maxwell's Capacitive Co  Air            0%         ∞         100%        8


Dungeon Overview and Level Annotations

Branches:
Dungeon (5/15)
 Temple: D:4-7

Altars:


Innate Abilities, Weirdness & Mutations

You can wield a second weapon in your off-hand.
It takes a long time for you to wield or remove held weapons.
Your first few attacks do less damage.
You cannot equip rings or amulets.


Message History

Unknown command.
You barely miss the orc priest with the +1 mace "Facvah".
You hit the orc priest with your +0 mace of chaos.
The orc priest convulses.
The orc priest hits you but does no damage.
The orc priest closely misses you.
You hit the orc priest with your +0 mace of chaos.
The orc priest seems to slow down.
The orc priest is heavily wounded.
You hit the orc priest with the +1 mace "Facvah".
You burn the orc priest. The orc priest hits you with a +0 mace.
The orc priest calls down the wrath of Xom upon you.
Xom smites you!
* * * LOW HITPOINT WARNING * * *
Okay, then.
Unknown command.
As you read the scroll of fear, it crumbles to dust.
You assume a fearsome visage.
The orc looks frightened!
The orc priest looks frightened!
The orc priest resists with some effort.
The hound looks frightened!
The iguana looks frightened!
The orc priest barely misses you.
Unknown command.
Unknown command.
You hit the orc priest but do no damage.
You hit the orc priest with your +0 mace of chaos.
The orc priest hits you but does no damage.
You hit the orc priest but do no damage.
The orc priest is poisoned.
The orc priest is lightly wounded.
You hit the orc priest with the +1 mace "Facvah".
You burn the orc priest. The orc priest barely misses you.
Okay, then.
Unknown command.
You barely miss the orc priest with your +0 mace of chaos.
The orc priest is heavily wounded.
You hit the orc priest but do no damage.
The orc priest hits you with a +0 mace!
You die...
Xom yawns loudly!

# .# ##########.#
...........# #....<#.#
#####....###.#########.
#.......## ##..@o...lo$
#.###....###o####.#####
#.....#..# # #........#
####.#.#.# #.....#
#.....# ##...######
##.........


You could see an iguana (summoned, fleeing), 2 orc priests and an orc (summoned,
fleeing).

Vanquished Creatures
  Sigmund (D:4)
  An orc warrior (D:3)
  An ogre (D:5)
  A phantom (D:4)
  A scorpion (D:4)
  Natasha (thrice) (D:4)
  An orc wizard (D:3)
  3 gnolls (D:3)
  4 adders
  A river rat (D:2)
  2 ribbon worms (D:4)
  A dart slug (D:4)
  5 orcs
  5 endoplasms
  2 giant cockroaches
  6 goblins
  3 hobgoblins
  4 jackals (D:2)
  4 quokkas
  8 ball pythons
  7 bats
  7 frilled lizards
  7 kobolds
  3 rats
81 creatures vanquished.

Notes
Turn   | Place    | Note
-------+----------+-------------------------------------------
     0 | D:1      | Jannitor the Coglin Chaos Knight began the quest for the
                  | Orb.
     0 | D:1      | Reached XP level 1. HP: 18/18 MP: 1/1
   110 | D:1      | Reached skill level 1 in Dodging
   195 | D:1      | Reached XP level 2. HP: 19/24 MP: 2/2
   235 | D:1      | XOM: noise
   650 | D:2      | XOM: polymorph endoplasm -> river rat
   653 | D:2      | Reached XP level 3. HP: 29/29 MP: 3/3
   808 | D:2      | Identified the +1 mace "Facvah" {flame, rC+ Will+ Str-4
                  | Int+2}
   860 | D:2      | Reached XP level 4. HP: 31/35 MP: 4/4
  1069 | D:2      | Found a faded altar of an unknown god.
  1263 | D:3      | XOM: confusion (+ monsters)
  1269 | D:3      | XOM: confusion
  1272 | D:3      | XOM: enchant monster (bad)
  1494 | D:3      | Noticed an orc warrior
  1505 | D:3      | Reached XP level 5. HP: 42/42 MP: 5/5
  1510 | D:3      | Killed an orc warrior
  1511 | D:3      | Reached skill level 4 in Fighting
  1558 | D:3      | XOM: 2-stop teleportation journey
  1646 | D:3      | Reached XP level 6. HP: 48/48 MP: 6/6
  2159 | D:3      | XOM: scenery: summon butterflies
  2339 | D:4      | Noticed Natasha
  2351 | D:4      | Killed Natasha
  2359 | D:4      | Noticed Natasha
  2366 | D:4      | Killed Natasha
  2417 | D:4      | XOM: polymorph iguana -> frilled lizard
  2497 | D:4      | XOM: potion effect (invisibility)
  2510 | D:4      | Reached XP level 7. HP: 51/55 MP: 7/7
  2519 | D:4      | Noticed Natasha
  2525 | D:4      | Killed Natasha
  2540 | D:4      | XOM: polymorph adder -> ball python
  2616 | D:4      | Noticed Sigmund
  2619 | D:4      | XOM: summons 4 hostile demons
  2620 | D:4      | Noticed a chaos spawn
  2628 | D:4      | Killed Sigmund
  2880 | D:5      | Entered Level 5 of the Dungeon
  2913 | D:5      | Reached skill level 5 in Fighting
  2917 | D:5      | XOM: summons 3 hostile shadow creatures
  2923 | D:5      | Slain by an orc priest

Illustrated notes

Levels and vault maps discovered:
D:1:      dpeg_arrival_boxorama, layout_rooms, grunt_decor_one_mirror,
          kennysheep_doodads
D:2:      minmay_skewed_foursquare, layout_rooms,
          dreamdust_ecumenical_altar_statues, minmay_heptomino_o4
D:3:      layout_basic, minmay_misc_feat_rugged, chequers_arboretum,
          kennysheep_generic_room_5
D:4:      layout_rooms, grunt_ministairs_11, uniq_natasha, uniq_sigmund
D:5:      layout_loops_ring

Skill      XL: |  1  2  3  4  5  6  7 |
---------------+----------------------+-----
Dodging        | 1 2 3 |  3.7
Armour         | 2 3 4 |  4.1
Maces & Flails | 3 4 |  4.6
Fighting       | 4 5 |  5.0

Action                     |  1- 3 |  4- 6 |  7- 9 || total
---------------------------+-------+-------+-------++-------
  Melee: Mace              |    71 |   173 |    52 ||   296
         Dagger            |    56 |       |       ||    56
    Use: Potion            |       |     2 |       ||     2
         Scroll            |       |       |     5 ||     5
   Stab: Paralysed         |     1 |       |       ||     1
         Invisible         |       |     3 |     1 ||     4
         Sleeping          |       |     1 |     1 ||     2
 Armour: Leather armour    |    56 |    67 |    26 ||   149
  Dodge: Dodged            |    52 |    66 |    19 ||   137

Table legend: (Time is in decaauts)
 A = Elapsed time spent in this place.
 B = Non-inter-level travel time spent in this place.
 C = Inter-level travel time spent in this place.
 D = Time resting spent in this place.
 E = Time spent auto-exploring this place.
 F = Levels seen in this place.
 G = Mean time per level.
                   A        B        C        D        E       F      G
               +--------+--------+--------+--------+--------+-----+--------+
         Total |   2960 |   2897 |     63 |    139 |   2188 |   5 |  592.0 |
       Dungeon |   2960 |   2897 |     63 |    139 |   2188 |   5 |  592.0 |
               +--------+--------+--------+--------+--------+-----+--------+

Top non-repeatable levels by time:
     D:3: 960 daAuts
     D:4: 723 daAuts
     D:1: 655 daAuts
     D:2: 577 daAuts
     D:5: 44 daAuts
